 Dungeon Crawl Stone Soup version 0.31-a0-198-g2ad674f65e (webtiles) character file.

Game seed: 10401818955031617068

72 qw the Shooter (level 4, -5/25 HPs)
             Began as a Deep Elf Hunter on June 25, 2023.
             Killed from afar by Sigmund (12 damage)
             ... with a puff of flame
             ... on level 2 of the Dungeon.
             The game lasted 00:00:18 (515 turns).

qw the Shooter (Deep Elf Hunter)                     Turns: 515, Time: 00:00:19

Health: -5/25      AC:  6    Str: 10    XL:     4   Next: 6%
Magic:  6/6        EV: 11    Int: 14    God:
Gold:   21         SH:  0    Dex: 18    Spells: 3/3 levels left

rFire   . . .        Y - +0 shortbow
rCold   . . .        (shield currently unavailable)
rNeg    . . .        j - +0 ring mail
rPois   .            (no helmet)
rElec   .            (no cloak)
rCorr   .            (no gloves)
SInv    .            k - +0 pair of boots
Will    .....        (no amulet) Stlth
                     g - +4 ring of slaying {mikee}
HPRegen 0.24/turn    (no ring)
MPRegen 0.10/turn

%: no passive effects
@: confused
A: no striking features
a: no special abilities


You were on level 2 of the Dungeon.
You visited 1 branch of the dungeon, and saw 2 of its levels.

You collected 21 gold pieces.


   Skills:
 - Level 1.5 Fighting
 + Level 7.5 Ranged Weapons
 - Level 2.4 Dodging
 - Level 1.2 Stealth


You had 3 spell levels left.
You didn't know any spells.
Your spell library was empty.

Inventory:

Hand Weapons
 Y - a +0 shortbow (weapon)
Armour
 j - a +0 ring mail (worn)
 k - a +0 pair of boots (worn)
Jewellery
 g - a +4 ring of slaying (left hand) {mikee}
Potions
 a - a potion of haste {unknown}
 d - a potion of might {unknown}
 f - a potion of heal wounds {unknown}

Dungeon Overview and Level Annotations

Branches:
Dungeon (2/15)

Altars:

Shops:
D:1 =

Annotations:
D:2 Sigmund


Message History

You shoot an arrow. The arrow closely misses the bat.
The bat barely misses you.
You shoot an arrow. The arrow barely misses the bat.
The bat hits you but does no damage. Sigmund completely misses you.
You shoot an arrow. The arrow hits the bat!
You kill the bat!
Sigmund barely misses you.
You shoot an arrow. The arrow hits Sigmund!
Sigmund is heavily wounded.
Sigmund mumbles some strange words.
Sigmund flickers and vanishes!
Deactivating autopickup; reactivate with Ctrl-A.
You shoot an arrow.
A kobold comes into view. It is wielding a +0 short sword.
Something hits you!
The kobold moves out of view.
You shoot an arrow. Something hits you!
503 ||| FLEEEEING.
504 ||| FLEEEEING.
505 ||| STILL FLEEEEING.
506 ||| FLEEEEING.
507 ||| FLEEEEING.
A magic dart appears from out of thin air!
The magic dart hits you.
508 ||| STILL FLEEEEING.
A jackal comes into view.
509 ||| FLEEEEING.
510 ||| FLEEEEING.
Something tries to affect you, but you resist.
511 ||| STILL FLEEEEING.
512 ||| STILL FLEEEEING.
513 ||| STILL FLEEEEING.
Something tries to affect you, but you resist.
514 ||| STILL FLEEEEING.
You are confused.
There is a stone staircase leading up here.
515 ||| STAIRDANCE A puff of flame appears from out of thin air!
The puff of flame hits you!
You die...

h.~###..#.#####....
[.......{..#........
##.......#..........
#.####.............
# #............
#.#.........##.
..###........... #.#
#....[...## ..#
#....@...# #.#
#........#####. #.
##.<...........
#.##.########## #.#
#.# #. #.# . ..# #.


There were no monsters in sight!

Vanquished Creatures
  Jessica (D:2)
  2 adders (D:1)
  A dart slug (D:1)
  2 bats
  An endoplasm (D:1)
  A giant cockroach (D:1)
  3 hobgoblins (D:1)
  5 kobolds (D:1)
  2 quokkas (D:1)
  3 frilled lizards
  3 goblins (D:1)
  A rat (D:1)
25 creatures vanquished.

Notes
Turn   | Place    | Note
-------+----------+-------------------------------------------
     0 | D:1      | qw the Deep Elf Hunter began the quest for the Orb.
     0 | D:1      | Reached XP level 1. HP: 12/12 MP: 3/3
     0 | D:1      | 0 ||| qw: Version: 0.3-a-22-g0ed2b0b
     0 | D:1      | 0 ||| qw: Game counter: 5438
     0 | D:1      | 0 ||| qw: Melee chars always use a shield: true
     0 | D:1      | 0 ||| qw: God list: Okawaru
     0 | D:1      | 0 ||| qw: Allow faded altars: false
     0 | D:1      | 0 ||| qw: Do Orc after clearing Dungeon:15 true
     0 | D:1      | 0 ||| qw: Do second Lair branch before Depths: true
     0 | D:1      | 0 ||| qw: Lair rune preference: random
     0 | D:1      | 0 ||| qw: Goals: Normal
     0 | D:1      | 0 ||| PLANNING D:1-11
   113 | D:1      | Reached XP level 2. HP: 16/16 MP: 4/4
   115 | D:1      | Reached skill level 6 in Ranged Weapons
   149 | D:1      | Found Biehivaz's Jewellery Shop.
   157 | D:1      | 157 ||| SHOPLISTING +4 ring of slaying (936 gold, have 5).
   157 | D:1      | 157 ||| SHOPLISTING +6 ring of dexterity (432 gold, have
                  | 5).
   157 | D:1      | 157 ||| SHOPLISTING amulet of the acrobat (360 gold, have
                  | 5).
   157 | D:1      | 157 ||| SHOPLISTING ring of fire (300 gold, have 5).
   157 | D:1      | 157 ||| SHOPLISTING ring of positive energy (240 gold, have
                  | 5).
   157 | D:1      | 157 ||| SHOPLISTING ring of protection from cold (300 gold,
                  | have 5).
   190 | D:1      | Found a faded altar of an unknown god.
   406 | D:1      | 406 ||| UPGRADING to +0 ring mail.
   416 | D:1      | 416 ||| DROPPING +0 leather armour.
   417 | D:1      | 417 ||| UPGRADING to +0 pair of boots.
   422 | D:1      | 422 ||| DROPPING amulet of magic regeneration.
   423 | D:1      | 423 ||| UPGRADING to +4 ring of slaying {mikee}.
   424 | D:1      | 424 ||| READING scroll labelled VINTUAMUCW.
   425 | D:1      | 425 ||| DRINKING 2 bubbling clear potions.
   426 | D:1      | 426 ||| DROPPING scroll of butterflies.
   427 | D:1      | 427 ||| DROPPING potion of invisibility.
   449 | D:2      | Noticed Jessica
   452 | D:2      | Killed Jessica
   453 | D:2      | Reached skill level 7 in Ranged Weapons
   453 | D:2      | Reached XP level 3. HP: 20/20 MP: 5/5
   457 | D:2      | 457 ||| STAIRDANCE
   462 | D:1      | Reached XP level 4. HP: 23/25 MP: 6/6
   491 | D:2      | Noticed Sigmund
   503 | D:2      | 503 ||| FLEEEEING.
   504 | D:2      | 504 ||| FLEEEEING.
   506 | D:2      | 506 ||| FLEEEEING.
   507 | D:2      | 507 ||| FLEEEEING.
   507 | D:2      | HP: 5/25 [something/magic dart (6)]
   509 | D:2      | 509 ||| FLEEEEING.
   510 | D:2      | 510 ||| FLEEEEING.
   515 | D:2      | 515 ||| STAIRDANCE
   515 | D:2      | Killed from afar by Sigmund

Levels and vault maps discovered:
D:1:      mrwooster_arrival_statue_3, layout_rooms, serial_shops, shop,
          shapermc_ecumenical_altar_venn, serial_bayou_crossing
D:2:      layout_loops_ring, fountainhead, minmay_pentomino_s4, uniq_jessica,
          uniq_natasha, uniq_sigmund

Skill      XL: |  1  2 |
---------------+-------+-----
Ranged Weapons | 7 |  7.5
Fighting       | |  1.5
Dodging        | |  2.4
Stealth        | |  1.2

Action                     |  1- 3 |  4- 6 || total
---------------------------+-------+-------++-------
   Fire: Shortbow          |    49 |    12 ||    61
    Use: Scroll            |     1 |       ||     1
         Potion            |     1 |       ||     1
 Armour: Leather armour    |     1 |       ||     1
         Ring mail         |     2 |     3 ||     5
  Dodge: Dodged            |    10 |     5 ||    15

Table legend:
 A = Non-vault XP
 B = Vault XP
 C = Vault XP percentage of total XP
 D = Non-vault monster count
 E = Vault monster count
 F = Vault count percentage of total count
                 A         B        C        D         E       F
            +---------+---------+-------+---------+---------+-------
      Total |      66 |      37 |  35.9 |      24 |       1 |   4.0
            +---------+---------+-------+---------+---------+-------
        D:1 |      63 |       0 |   0.0 |      22 |       0 |   0.0
        D:2 |       3 |      37 |  92.5 |       2 |       1 |  33.3
            +---------+---------+-------+---------+---------+-------
